[ AOE2 MATCH · #504583957 ]
UnrankedTeutons vs Koreans
Player's team · WIN
Rival team · LOSS
[ REPLAY ANALYSIS · EXTRACTED FROM THE RECORDED GAME ]
Feudal
9:56
Castle
21:41
Imperial
37:45
| APM avg | 80.3 |
| APM peak | 126 |
| eAPM avg | 26.4 |
| Villagers / military | 114 / 109 |
Focus
⚔️ 31.6% · 🌾 68.4%
Knight ×52 · Archer ×38 · Scout Cavalry ×9 · Skirmisher ×7 · Militia ×3
Feudal
8:06
Castle
22:56
Imperial
—
| APM avg | 65.2 |
| APM peak | 99 |
| eAPM avg | 28.6 |
| Villagers / military | 127 / 161 |
Focus
⚔️ 41.6% · 🌾 58.4%
Skirmisher ×57 · Fire Lancer ×52 · Spearman ×50 · Militia ×2
Match map
Initial resources + every placement click. Lines = walls · curves = elevation contours. ◆ gold · ⬟ stone · ● berries · ✦ relic · ◌ wall gap
Your base· ✓ Closed at 21:41 · 38t walls · 1 gate(s)
PipeTeGana's base· Open — opponent sealed themselves in
Smoothed initial terrain · ◌ = detected wall gap · hover for details
Inputs per minute
— uel - - PipeTeGana
Build order — uel
First 150 of 381 actions detected
| 0:02 | Research | Loom |
| 0:04 | Build | House |
| 0:07 | Build | House |
| 0:26 | Create | Villager (Male) |
| 0:26 | Create | Villager (Male) |
| 0:27 | Create | Villager (Male) |
| 0:27 | Create | Villager (Male) |
| 1:06 | Build | Lumber Camp |
| 1:30 | Create | Villager (Male) |
| 1:57 | Create | Villager (Male) |
| 2:06 | Create | Villager (Male) |
| 2:28 | Create | Villager (Male) |
| 3:02 | Build | House |
| 3:03 | Build | House |
| 3:05 | Create | Villager (Male) |
| 3:35 | Create | Villager (Male) |
| 4:04 | Build | Barracks |
| 4:09 | Create | Villager (Male) |
| 4:17 | Create | Villager (Male) |
| 4:38 | Build | House |
| 4:40 | Create | Villager (Male) |
| 5:03 | Create | Militia |
| 5:03 | Create | Militia |
| 5:05 | Create | Villager (Male) |
| 5:20 | Create | Villager (Male) |
| 5:50 | Create | Militia |
| 5:55 | Create | Villager (Male) |
| 6:06 | Build | Mill |
| 6:15 | Create | Villager (Male) |
| 7:38 | Build | Lumber Camp |
| 7:46 | Research | Feudal Age |
| 8:20 | Create | Villager (Male) |
| 8:22 | Build | Farm |
| 8:23 | Build | Farm |
| 8:44 | Build | Farm |
| 8:49 | Build | Farm |
| 9:41 | Build | Palisade Wall |
| 9:44 | Build | Palisade Wall |
| 9:56 | Age | Feudal Age |
| 10:02 | Build | Stable |
| 10:04 | Research | Double-Bit Axe |
| 10:13 | Create | Villager (Male) |
| 10:21 | Build | House |
| 10:22 | Build | House |
| 10:31 | Build | Palisade Wall |
| 10:38 | Build | Palisade Wall |
| 10:42 | Create | Villager (Male) |
| 10:56 | Create | Scout Cavalry |
| 10:56 | Create | Scout Cavalry |
| 10:57 | Create | Villager (Male) |
| 11:09 | Research | Horse Collar |
| 11:25 | Create | Villager (Male) |
| 11:36 | Create | Scout Cavalry |
| 11:51 | Build | Farm |
| 11:57 | Create | Villager (Male) |
| 12:01 | Build | Farm |
| 12:07 | Build | House |
| 12:17 | Create | Villager (Male) |
| 12:19 | Build | House |
| 12:21 | Build | House |
| 12:25 | Build | Farm |
| 12:27 | Build | Farm |
| 12:41 | Create | Villager (Male) |
| 12:42 | Build | Farm |
| 12:47 | Build | Palisade Gate |
| 12:53 | Create | Scout Cavalry |
| 13:04 | Create | Villager (Male) |
| 13:06 | Build | Archery Range |
| 13:11 | Create | Villager (Male) |
| 13:19 | Create | Villager (Male) |
| 13:21 | Build | Mining Camp |
| 13:36 | Create | Villager (Male) |
| 14:07 | Create | Skirmisher |
| 14:07 | Create | Skirmisher |
| 14:07 | Create | Skirmisher |
| 14:07 | Create | Skirmisher |
| 14:09 | Create | Scout Cavalry |
| 14:10 | Create | Villager (Male) |
| 14:12 | Build | Farm |
| 14:21 | Build | Blacksmith |
| 14:36 | Build | Farm |
| 14:41 | Build | Farm |
| 14:59 | Create | Villager (Male) |
| 15:00 | Build | Farm |
| 15:03 | Build | Farm |
| 15:10 | Research | Fletching |
| 15:11 | Create | Skirmisher |
| 15:23 | Build | Farm |
| 15:27 | Build | Farm |
| 15:27 | Build | Farm |
| 15:38 | Create | Skirmisher |
| 15:40 | Create | Archer |
| 15:42 | Build | House |
| 15:56 | Research | Bloodlines |
| 16:01 | Create | Skirmisher |
| 16:05 | Create | Villager (Male) |
| 16:06 | Build | House |
| 16:07 | Build | Farm |
| 16:18 | Create | Scout Cavalry |
| 16:34 | Create | Villager (Male) |
| 16:35 | Build | Farm |
| 16:55 | Create | Scout Cavalry |
| 17:15 | Create | Scout Cavalry |
| 17:26 | Create | Archer |
| 17:26 | Create | Archer |
| 17:43 | Create | Archer |
| 17:47 | Create | Archer |
| 18:07 | Create | Villager (Male) |
| 18:12 | Build | Market |
| 19:01 | Research | Castle Age |
| 19:03 | Create | Scout Cavalry |
| 19:08 | Build | Farm |
| 19:09 | Build | Farm |
| 19:15 | Research | Gold Mining |
| 19:19 | Build | Mining Camp |
| 19:42 | Research | Scale Barding Armor |
| 20:13 | Research | Forging |
| 20:19 | Build | Stable |
| 20:42 | Build | Farm |
| 20:51 | Create | Archer |
| 21:00 | Create | Villager (Male) |
| 21:02 | Build | House |
| 21:03 | Build | House |
| 21:31 | Build | Farm |
| 21:41 | Age | Castle Age |
| 21:43 | Research | Bodkin Arrow |
| 21:44 | Create | Knight |
| 21:52 | Create | Knight |
| 22:09 | Build | Town Center |
| 22:10 | Research | Bow Saw |
| 22:11 | Research | Bow Saw |
| 22:37 | Create | Knight |
| 22:49 | Create | Villager (Male) |
| 22:59 | Research | Chain Barding Armor |
| 23:47 | Create | Knight |
| 23:47 | Create | Knight |
| 24:07 | Create | Villager (Male) |
| 24:08 | Create | Villager (Male) |
| 24:08 | Create | Villager (Male) |
| 24:20 | Create | Knight |
| 24:24 | Create | Villager (Male) |
| 24:42 | Create | Villager (Male) |
| 24:45 | Build | Farm |
| 24:45 | Build | Farm |
| 24:45 | Build | Farm |
| 24:45 | Build | Farm |
| 24:46 | Build | Farm |
| 24:46 | Build | Farm |
| 24:47 | Create | Villager (Male) |
| 24:53 | Build | Town Center |
Build order — PipeTeGana
First 150 of 466 actions detected
| 0:01 | Create | Villager (Male) |
| 0:04 | Research | Loom |
| 0:05 | Build | House |
| 0:06 | Build | House |
| 0:07 | Build | House |
| 0:13 | Create | Villager (Male) |
| 0:13 | Create | Villager (Male) |
| 0:13 | Create | Villager (Male) |
| 0:25 | Create | Villager (Male) |
| 1:09 | Create | Villager (Male) |
| 1:25 | Build | Lumber Camp |
| 1:44 | Create | Villager (Male) |
| 1:51 | Build | House |
| 2:10 | Create | Villager (Male) |
| 2:10 | Create | Villager (Male) |
| 2:49 | Create | Villager (Male) |
| 3:12 | Create | Villager (Male) |
| 3:12 | Create | Villager (Male) |
| 3:47 | Create | Villager (Male) |
| 3:53 | Create | Villager (Male) |
| 4:02 | Create | Villager (Male) |
| 4:23 | Build | Mill |
| 4:38 | Build | Mill |
| 4:41 | Create | Villager (Male) |
| 5:03 | Create | Villager (Male) |
| 5:25 | Create | Villager (Male) |
| 5:56 | Research | Feudal Age |
| 6:15 | Build | Palisade Wall |
| 6:24 | Build | Barracks |
| 6:32 | Build | Palisade Wall |
| 6:39 | Create | Villager (Male) |
| 7:09 | Build | Palisade Wall |
| 7:10 | Build | Palisade Wall |
| 7:17 | Build | Palisade Wall |
| 7:35 | Build | House |
| 7:40 | Create | Villager (Male) |
| 8:06 | Build | Palisade Wall |
| 8:06 | Age | Feudal Age |
| 8:12 | Build | Archery Range |
| 8:14 | Research | Double-Bit Axe |
| 8:25 | Build | Palisade Wall |
| 8:54 | Create | Villager (Male) |
| 8:56 | Create | Skirmisher |
| 9:01 | Build | House |
| 9:14 | Create | Villager (Male) |
| 9:30 | Create | Villager (Male) |
| 9:31 | Create | Skirmisher |
| 9:37 | Build | Mining Camp |
| 10:06 | Create | Skirmisher |
| 10:16 | Create | Villager (Male) |
| 10:16 | Create | Villager (Male) |
| 10:17 | Create | Villager (Male) |
| 10:33 | Build | House |
| 10:41 | Build | Blacksmith |
| 10:44 | Build | Blacksmith |
| 10:55 | Create | Villager (Male) |
| 11:05 | Create | Skirmisher |
| 11:09 | Research | Horse Collar |
| 11:17 | Build | Farm |
| 11:18 | Build | Farm |
| 11:18 | Build | Farm |
| 11:31 | Research | Fletching |
| 11:33 | Build | House |
| 11:36 | Build | Palisade Wall |
| 11:48 | Create | Villager (Male) |
| 11:49 | Create | Skirmisher |
| 12:02 | Build | Farm |
| 12:11 | Create | Villager (Male) |
| 12:13 | Build | Farm |
| 12:27 | Create | Spearman |
| 12:31 | Build | Farm |
| 12:36 | Build | Palisade Wall |
| 12:38 | Build | Palisade Wall |
| 12:57 | Create | Villager (Male) |
| 12:58 | Create | Villager (Male) |
| 12:58 | Create | Villager (Male) |
| 13:11 | Create | Spearman |
| 13:14 | Build | Farm |
| 13:14 | Build | Farm |
| 13:14 | Build | Farm |
| 13:14 | Build | Farm |
| 13:26 | Build | House |
| 13:34 | Create | Villager (Male) |
| 13:37 | Build | House |
| 13:40 | Build | House |
| 14:02 | Create | Spearman |
| 14:04 | Create | Villager (Male) |
| 14:06 | Build | Farm |
| 14:15 | Build | House |
| 14:19 | Create | Villager (Male) |
| 14:27 | Build | Farm |
| 14:37 | Create | Spearman |
| 14:40 | Create | Villager (Male) |
| 14:40 | Create | Villager (Male) |
| 14:43 | Build | Farm |
| 14:45 | Build | Farm |
| 14:46 | Build | Farm |
| 14:50 | Build | Farm |
| 15:01 | Create | Villager (Male) |
| 15:05 | Build | Palisade Wall |
| 15:08 | Build | House |
| 15:16 | Build | Farm |
| 15:21 | Build | Farm |
| 15:25 | Create | Villager (Male) |
| 15:32 | Build | Farm |
| 15:44 | Create | Spearman |
| 15:53 | Create | Spearman |
| 16:05 | Build | Farm |
| 16:06 | Build | House |
| 16:11 | Build | Farm |
| 16:24 | Create | Villager (Male) |
| 16:24 | Create | Villager (Male) |
| 16:33 | Create | Spearman |
| 16:52 | Create | Villager (Male) |
| 16:52 | Create | Villager (Male) |
| 16:57 | Build | Farm |
| 17:00 | Build | Mill |
| 17:00 | Build | Farm |
| 17:01 | Build | Farm |
| 17:01 | Build | Farm |
| 17:01 | Build | Farm |
| 17:03 | Create | Spearman |
| 17:24 | Create | Villager (Male) |
| 17:25 | Create | Spearman |
| 17:25 | Create | Spearman |
| 17:27 | Create | Skirmisher |
| 17:46 | Create | Villager (Male) |
| 17:47 | Create | Spearman |
| 17:54 | Build | Archery Range |
| 18:08 | Create | Skirmisher |
| 18:08 | Create | Skirmisher |
| 18:13 | Create | Skirmisher |
| 18:13 | Create | Spearman |
| 18:20 | Build | Farm |
| 18:33 | Create | Skirmisher |
| 18:33 | Create | Skirmisher |
| 18:53 | Create | Skirmisher |
| 18:54 | Create | Spearman |
| 18:59 | Create | Skirmisher |
| 19:00 | Create | Villager (Male) |
| 19:02 | Build | Farm |
| 19:24 | Create | Skirmisher |
| 19:24 | Create | Skirmisher |
| 19:37 | Create | Skirmisher |
| 19:37 | Create | Skirmisher |
| 19:42 | Create | Villager (Male) |
| 19:53 | Create | Skirmisher |
| 19:53 | Create | Skirmisher |
| 20:16 | Research | Castle Age |
| 20:17 | Create | Skirmisher |
Match timeline
| 4:04 | uel · first_building Barracks |
| 6:15 | PipeTeGana · wall_segment Palisade Wall x3 |
| 6:24 | PipeTeGana · first_building Barracks |
| 6:32 | PipeTeGana · wall_segment Palisade Wall x2 |
| 7:09 | PipeTeGana · wall_segment Palisade Wall x1 |
| 7:10 | PipeTeGana · wall_segment Palisade Wall x1 |
| 7:17 | PipeTeGana · wall_segment Palisade Wall x3 |
| 8:06 | PipeTeGana · wall_segment Palisade Wall x1 |
| 8:06 | PipeTeGana · age_up feudal |
| 8:12 | PipeTeGana · first_building Archery Range |
| 8:25 | PipeTeGana · wall_segment Palisade Wall x1 |
| 9:41 | uel · wall_segment Palisade Wall x7 |
| 9:44 | uel · wall_segment Palisade Wall x10 |
| 9:56 | uel · age_up feudal |
| 10:02 | uel · first_building Stable |
| 10:31 | uel · wall_segment Palisade Wall x11 |
| 10:38 | uel · wall_segment Palisade Wall x10 |
| 11:36 | PipeTeGana · wall_segment Palisade Wall x2 |
| 12:36 | PipeTeGana · wall_segment Palisade Wall x1 |
| 12:38 | PipeTeGana · wall_segment Palisade Wall x1 |
| 13:06 | uel · first_building Archery Range |
| 15:05 | PipeTeGana · wall_segment Palisade Wall x2 |
| 18:54 | uel · first_market_sell 100 wood |
| 18:55 | uel · first_market_buy 100 food |
| 20:34 | PipeTeGana · wall_segment Palisade Wall x10 |
| 21:21 | PipeTeGana · wall_segment Palisade Wall x1 |
| 21:32 | PipeTeGana · wall_segment Palisade Wall x1 |
| 21:41 | uel · age_up castle |
| 22:16 | PipeTeGana · wall_segment Palisade Wall x16 |
| 22:53 | PipeTeGana · wall_segment Palisade Wall x1 |
| 22:56 | PipeTeGana · age_up castle |
| 24:25 | PipeTeGana · wall_segment Palisade Wall x1 |
| 33:20 | uel · first_building Castle |
| 37:45 | uel · age_up imperial |
| 37:54 | PipeTeGana · first_market_buy 100 food |
| 37:55 | PipeTeGana · first_market_sell 100 wood |
| 38:04 | PipeTeGana · first_building Monastery |
| 40:43 | PipeTeGana · resign |
[ AI ANALYSIS · 1 CREDIT ]
What really happened in this match?
Wolo.gg analyzes every decision: build order, eco, micro, common mistakes by bracket. Personalized analysis on WhatsApp or Discord in 30 seconds.
Civ guide
Teutons
Perfil
Jugador #9754373